 Dungeon Crawl Stone Soup version 0.19.5 (webtiles) character file.

26126 Chifra the Thaumaturge (level 12, -1/73 HPs)
             Began as a Deep Elf Conjurer on Apr 10, 2017.
             Was a High Priest of Vehumet.
             Slain by a sixfirhy (10 damage)
             ... on level 2 of the Orcish Mines.
             The game lasted 01:18:53 (18799 turns).

Chifra the Thaumaturge (Deep Elf Conjurer)         Turns: 18799, Time: 01:18:55

Health: -1/73      AC:  7    Str:  8    XL:     12   Next: 95%
Magic:  11/30      EV: 21    Int: 29    God:    Vehumet [*****.]
Gold:   1416       SH:  0    Dex: 18    Spells: 7 memorised, 13 levels left

rFire  . . .     SeeInvis +     H - +8 trident of Blood {venom, rN+ Int+3}
rCold  . . .     Gourm    .     f - +2 robe {Archmagi}
rNeg   + . .     Faith    .     (no shield)
rPois  +         Spirit   .     m - +1 helmet
rElec  .         Reflect  .     o - +0 cloak of the Eight Ships {rPois Dex+3}
rCorr  .         Harm     .     (no gloves)
MR     +....                    (no boots)
Stlth  +++++.....               y - amulet of magic regeneration
                                x - +3 ring of strength
                                k - ring of see invisible

@: no status effects
A: no striking features
a: Renounce Religion


You were on level 2 of the Orcish Mines.
You worshipped Vehumet.
Vehumet was extremely pleased with you.
You were very full.

You visited 4 branches of the dungeon, and saw 17 of its levels.
You also visited: Labyrinth and Bailey.

You collected 1416 gold pieces.

Inventory:

Hand Weapons
 i - a +1 dagger
 A - the cursed +0 short sword of Ikyxeo {pain, rElec SInv}
   (You found it on level 9 of the Dungeon)

   In the hands of one skilled in necromantic magic, it inflicts extra damage on
   living creatures.
   It insulates you from electricity.
   It lets you see invisible.
   It has a curse placed upon it.
 H - the +8 trident of Blood (weapon) {venom, rN+ Int+3}
   (You found it on level 10 of the Dungeon)

   It poisons the flesh of those it strikes.
   It affects your intelligence (+3).
   It protects you from negative energy.
Armour
 a - a +1 leather armour of fire resistance
 f - a +2 robe of the Archmagi (worn)
 j - a +0 cloak of magic resistance
 m - a +1 helmet (worn)
 o - the +0 cloak of the Eight Ships (worn) {rPois Dex+3}
   (You found it on level 5 of the Dungeon)

   It affects your dexterity (+3).
   It protects you from poison.
 r - a +0 robe of cold resistance
Magical Staves
 p - an uncursed staff of earth
Jewellery
 k - a ring of see invisible (left hand)
 s - an uncursed ring of poison resistance
 x - a +3 ring of strength (right hand)
 y - an amulet of magic regeneration (around neck)
 D - an uncursed amulet of the gourmand
Wands
 e - a wand of polymorph (21/24)
 q - a wand of teleportation (5/9)
 u - a wand of teleportation (1/9)
 w - a wand of digging (18/24)
Scrolls
 d - 3 scrolls of remove curse
 g - 2 scrolls of magic mapping
 B - a scroll of fear
 E - a scroll of enchant weapon
Potions
 h - 2 potions of cure mutation
 l - a potion of curing
 n - 2 potions of brilliance
 t - 2 potions of resistance
 v - 3 potions of might
 z - a potion of ambrosia
Books
 b - a book of Conjurations

   Spells                             Type                      Level
   a - Magic Dart                     Conjuration                  1
   b - Searing Ray                    Conjuration                  2
   c - Dazzling Spray                 Conjuration/Hexes            3
   d - Fulminant Prism                Conjuration/Hexes            4
   e - Iskenderun's Mystic Blast      Conjuration                  4
   f - Iskenderun's Battlesphere      Conjuration/Charms           5
Comestibles
 c - 8 bread rations
 F - 6 fruits


   Skills:
 + Level 7.9 Fighting
 + Level 11.4 Dodging
 + Level 12.0 Stealth
 - Level 12.2 Spellcasting
 - Level 12.1 Conjurations
 - Level 4.0 Hexes
 * Level 5.0 Fire Magic


You had 13 spell levels left.
You knew the following spells:

 Your Spells              Type           Power        Failure   Level  Hunger
a - Magic Dart            Conj           ####         1%          1    None
b - Searing Ray           Conj           ######       1%          2    None
c - Dazzling Spray        Conj/Hex       ######       1%          3    None
d - Iskenderun's Mystic   Conj           #######.     1%          4    None
e - Fulminant Prism       Conj/Hex       #######...   1%          4    None
f - Inner Flame           Hex/Fire       ######..     1%          3    None
g - Fireball              Conj/Fire      #######...   1%          5    ##.....


Dungeon Overview and Level Annotations

Branches:
Dungeon (10/15)            Temple (1/1) D:7            Lair (4/6) D:8
  Snake (0/4) Lair:3          Orc (2/2) D:10            Elf (0/3) Orc:2
  Swamp: Lair:2-4    Shoals: Lair:2-4

Altars:
Ashenzari
Dithmenos
Elyvilon
Fedhas
Gozag
Hepliaklqana
Kikubaaqudgha
Makhleb
Nemelex Xobeh
Okawaru
Qazlal
Ru
Sif Muna
Trog
Uskayaw
Vehumet
Xom
Yredelemnul
Zin
The Shining One


Message History

Press: ? - help, Shift-Dir - straight line, f - sixfirhy
Aim: a sixfirhy
Okay, then.
Casting: Iskenderun's Mystic Blast
Confirm with . or Enter, or press ? or * to list all spells.
Aiming: Fulminant Prism
Press: ? - help, Dir - move target cursor You feel a surge of power!
You conjure a prism of explosive energy!
The sixfirhy hits you. The sixfirhy shocks you! The sixfirhy barely misses you.
The sixfirhy completely misses you. The sixfirhy hits you.
The sixfirhy shocks you!
Your fulminant prism crackles loudly.
You feel better. The sixfirhy hits you! The sixfirhy shocks you!
The sixfirhy hits you!
* * * LOW HITPOINT WARNING * * *
The sixfirhy shocks you!
* * * LOW HITPOINT WARNING * * *
The sixfirhy hits you!
You die...

.#............#.......#........[.
.........#....#................)#
..........#...#.....<...........#
....#....#.......................
...#....###.#...................#
..##...####.#....................
...##.####.......................
...###.##...#..................#.
....#........#..@................
....##...........3o*.............
......#..........................
................*#.[.##..#.#.....
............#...###[)###.........
........#.##...## ##[.####.......
........##....## ##..# #.......
.............## #..###......
.........#.### #))###.....


You could see an orc knight, a sixfirhy and 2 friendly fulminant prisms.

Vanquished Creatures
  A minotaur (Lab)
  A hydra (Lair:1)
  Pikel (D:4)
  A hill giant (D:10)
  An orc sorcerer (Orc:1)
  The ghost of rlgrobin the Stormcaller, a novice TeAE of Hepliaklqana (D:8)
  2 oklob plants (Lair:2)
  An ice statue (D:9)
  6 spiny frogs
  3 black mambas
  6 ice devils (D:9)
  3 trolls
  A polar bear (Lair:2)
  2 tyrant leeches
  Grinder (D:3)
  8 blink frogs (Lair:3)
  4 hippogriffs
  A redback (Lab)
  Sigmund (D:4)
  A basilisk (Lair:2)
  14 yaks
  Grum (D:8)
  3 wyverns
  7 hungry ghosts
  3 nagas (Lair:3)
  A soldier ant (D:10)
  Menkaure (D:7)
  9 water moccasins
  5 porcupines
  3 ice beasts
  2 slaves (D:4)
  16 orc warriors
  A phantom (D:8)
  A black bear (D:9)
  2 sky beasts
  A necrophage (D:8)
  3 centaurs
  2 wolves (D:8)
  8 ogres
  12 crocodiles
  Blork the orc (D:4)
  9 bullfrogs
  A big kobold (D:10)
  A wyvern zombie (D:8)
  A scorpion (D:5)
  10 killer bees
  3 wights
  2 howler monkeys (D:10)
  3 crimson imps
  A bullfrog skeleton (D:7)
  9 hounds
  3 jellies
  A quasit (D:8)
  23 orc priests
  19 orc wizards
  2 centaur skeletons
  Jessica (D:3)
  2 iguanas
  Ijyb (D:2)
  3 worker ants
  Robin (D:3)
  A worker ant zombie (D:8)
  7 gnolls
  11 adders
  3 river rats (D:8)
  4 shadow imps
  6 ufetubi (D:9)
  2 oozes (D:2)
  2 adder skeletons
  4 worms
  2 dart slugs
  2 leopard geckos
  46 orcs
  8 giant cockroaches
  18 goblins
  9 hobgoblins
  20 jackals
  A quokka (D:10)
  9 bats
  4 frilled lizards
  18 kobolds
  A leopard gecko skeleton (D:4)
  A leopard gecko zombie (D:8)
  2 quokka skeletons
  17 rats
  A fulminant prism (Orc:2)
  A fungus (Lair:2)
  6 plants (Lair:2)
444 creatures vanquished.

Vanquished Creatures (others)
  2 slaves (D:4)
  An orc wizard (D:4)
  29 fulminant prisms
  8 fungi
  4 plants
44 creatures vanquished.

Grand Total: 488 creatures vanquished

Notes
Turn   | Place    | Note
-------+----------+-------------------------------------------
     0 | D:1      | Chifra the Deep Elf Conjurer began the quest for the Orb.
     0 | D:1      | Reached XP level 1. HP: 10/10 MP: 6/6
   271 | D:1      | Reached skill level 1 in Fighting
   271 | D:1      | Reached XP level 2. HP: 16/16 MP: 4/8
   420 | D:1      | Learned a level 2 spell: Searing Ray
   775 | D:1      | Reached XP level 3. HP: 20/20 MP: 5/9
   880 | D:1      | Learned a level 3 spell: Dazzling Spray
  1215 | D:2      | Noticed Ijyb
  1228 | D:2      | Killed Ijyb
  1228 | D:2      | Reached XP level 4. HP: 20/25 MP: 0/11
  1375 | D:2      | HP: 1/25 [poisoned by an adder]
  1813 | D:2      | Found a faded altar of an unknown god.
  2244 | D:3      | Noticed Robin
  2308 | D:3      | Killed Robin
  2308 | D:3      | Reached XP level 5. HP: 22/30 MP: 5/13
  2409 | D:3      | Learned a level 4 spell: Iskenderun's Mystic Blast
  2646 | D:3      | Noticed Grinder
  2786 | D:3      | Paralysed by Grinder for 3 turns
  2818 | D:3      | Paralysed by Grinder for 4 turns
  2885 | D:4      | Reached skill level 5 in Conjurations
  2898 | D:4      | Found a basalt altar of Yredelemnul.
  3121 | D:4      | Noticed Blork the orc
  3210 | D:4      | Killed Blork the orc
  3210 | D:4      | Reached XP level 6. HP: 18/35 MP: 6/14
  3640 | D:4      | Noticed Sigmund
  3748 | D:4      | Noticed Pikel
  3748 | D:4      | Noticed a slave
  3748 | D:4      | Noticed a slave
  3748 | D:4      | Noticed a slave
  3749 | D:4      | Noticed a slave
  3757 | D:4      | Killed a slave
  3775 | D:4      | Noticed a sky beast
  3775 | D:4      | Killed Pikel
  3775 | D:4      | Reached skill level 5 in Dodging
  3775 | D:4      | Reached skill level 5 in Spellcasting
  3775 | D:4      | Reached XP level 7. HP: 5/41 MP: 0/17
  3894 | D:4      | Learned a level 4 spell: Fulminant Prism
  4023 | D:4      | Reached skill level 1 in Hexes
  4114 | D:4      | Reached XP level 8. HP: 41/46 MP: 14/19
  4318 | D:4      | Found a sparkling altar of Nemelex Xobeh.
  4535 | D:4      | Killed Sigmund
  5096 | D:3      | Noticed Jessica
  5125 | D:3      | Killed Jessica
  5668 | D:3      | Killed Grinder
  6112 | D:5      | Entered Level 5 of the Dungeon
  6248 | D:5      | Found a white marble altar of Elyvilon.
  6255 | D:5      | Got a heavily runed cloak
  6259 | D:5      | Identified the +0 cloak of the Eight Ships {rPois Dex+3} (You found it on level 5 of the Dungeon)
  6491 | D:5      | Reached XP level 9. HP: 49/52 MP: 16/21
  7639 | D:7      | Found a hide-covered altar of Uskayaw.
  7639 | D:7      | Noticed a hand axe
  7639 | D:7      | Noticed an enchanted dagger
  7776 | D:7      | Noticed Menkaure
  7784 | D:7      | Killed Menkaure
  7940 | D:7      | Found a staircase to the Ecumenical Temple.
  7946 | Temple   | Entered the Ecumenical Temple
  7957 | Temple   | Became a worshipper of Vehumet
  8509 | D:8      | Reached XP level 10. HP: 30/58 MP: 8/24
  8530 | D:8      | Found a flagged portal.
  8656 | Bailey   | Entered a bailey
  8769 | Bailey   | Noticed an orc warlord
  8780 | Bailey   | Noticed Goboxel's ghost (journeyman DDFi)
  8823 | D:8      | Noticed rlgrobin's ghost (novice TeAE)
  8827 | D:8      | Killed rlgrobin's ghost
  8827 | D:8      | Reached * piety under Vehumet
  8827 | D:8      | Offered knowledge of Sandblast by Vehumet.
  8827 | D:8      | Reached skill level 5 in Fighting
  9084 | D:8      | Noticed Grum
  9114 | D:8      | Killed Grum
  9655 | D:8      | Found a staircase to the Lair.
  9688 | Lair:1   | Entered Level 1 of the Lair of Beasts
  9710 | Lair:1   | Reached skill level 10 in Conjurations
 10015 | Lair:1   | Found a labyrinth entrance.
 10024 | Lab      | Entered a labyrinth
 10352 | Lab      | Noticed a minotaur
 10358 | Lab      | HP: 3/60 [minotaur/staff of earth (9)]
 10369 | Lab      | Killed a minotaur
 10869 | Lair:1   | Reached XP level 11. HP: 59/64 MP: 15/26
 10954 | Lair:1   | Noticed a six-headed hydra
 10963 | Lair:1   | Killed a six-headed hydra
 11423 | Lair:2   | Found a glowing silver altar of Zin.
 11635 | Lair:2   | Reached skill level 10 in Spellcasting
 11855 | Lair:2   | Noticed an oklob plant
 11872 | Lair:2   | Noticed an oklob plant
 11886 | Lair:2   | Killed an oklob plant
 11886 | Lair:2   | Reached skill level 10 in Stealth
 12509 | Lair:2   | Killed an oklob plant
 12670 | Lair:2   | Learned a level 3 spell: Inner Flame
 12970 | Lair:3   | Reached skill level 1 in Fire Magic
 13809 | Lair:3   | Reached ** piety under Vehumet
 14372 | Lair:3   | Reached XP level 12. HP: 63/71 MP: 22/28
 14385 | Lair:3   | Offered knowledge of Shock by Vehumet.
 14644 | Lair:3   | Found a staircase to the Snake Pit.
 14936 | Lair:2   | Reached skill level 10 in Dodging
 15407 | Lair:3   | Reached skill level 5 in Fire Magic
 15422 | Lair:4   | Noticed a death yak
 15422 | Lair:4   | Noticed a death yak
 15422 | Lair:4   | Noticed a death yak
 15423 | Lair:4   | Noticed a death yak
 15868 | D:9      | Offered knowledge of Mephitic Cloud by Vehumet.
 16279 | D:9      | Got a dazzling short sword
 16282 | D:9      | Identified the cursed +0 short sword of Ikyxeo {pain, rElec SInv} (You found it on level 9 of the Dungeon)
 16320 | D:9      | Reached *** piety under Vehumet
 16521 | D:9      | Offered knowledge of Force Lance by Vehumet.
 16757 | D:10     | Entered Level 10 of the Dungeon
 17080 | D:10     | Got a polished trident
 17093 | D:10     | Identified the +8 trident of Blood {venom, rN+ Int+3} (You found it on level 10 of the Dungeon)
 17135 | D:10     | Reached **** piety under Vehumet
 17262 | D:10     | Found a staircase to the Orcish Mines.
 17487 | Orc:1    | Entered Level 1 of the Orcish Mines
 17489 | Orc:1    | Offered knowledge of Bolt of Draining by Vehumet.
 17713 | Orc:2    | Entered Level 2 of the Orcish Mines
 18345 | Orc:2    | Found a staircase to the Elven Halls.
 18442 | Orc:2    | Reached ***** piety under Vehumet
 18526 | Orc:1    | Offered knowledge of Fireball by Vehumet.
 18535 | Orc:1    | Learned a level 5 spell: Fireball
 18799 | Orc:2    | Slain by a sixfirhy

Skill      XL: |  1  2  3  4  5  6  7  8  9 10 11 12 |
---------------+-------------------------------------+-----
Fighting       | 1 2 3 4 5 6 7 |  7.9
Stealth        | 3 4 6 7 8 9 10 12 | 12.0
Dodging        | 3 5 6 7 8 9 11 | 11.4
Spellcasting   | 4 5 6 7 8 9 10 12 | 12.2
Conjurations   | 5 6 7 9 10 12 | 12.1
Hexes          | 1 3 4 |  4.0
Fire Magic     | 4 5 |  5.0

Action                   |  1- 3 |  4- 6 |  7- 9 | 10-12 || total
-------------------------+-------+-------+-------+-------++-------
Melee: Unarmed           |     8 |       |       |       ||     8
       Dagger            |     5 |    19 |    78 |    88 ||   190
       Trident           |       |       |       |    12 ||    12
 Cast: Magic Dart        |    59 |    33 |    43 |    46 ||   181
       Searing Ray       |     2 |    25 |    48 |   107 ||   182
       Iskenderun's Myst |       |     1 |    12 |   146 ||   159
       Dazzling Spray    |       |       |    10 |    13 ||    23
       Fulminant Prism   |       |       |       |    32 ||    32
       Inner Flame       |       |       |       |     4 ||     4
Evoke: Wand              |       |       |       |     2 ||     2
  Use: Scroll            |       |     6 |    13 |    12 ||    31
       Potion            |       |     2 |     1 |     2 ||     5
 Stab: Sleeping          |     1 |       |     9 |    14 ||    24
       Distracted        |       |     1 |       |       ||     1
       Invisible         |       |       |       |     1 ||     1
  Eat: Chunk             |     1 |     5 |     3 |    17 ||    26
       Beef jerky        |       |     1 |     1 |     8 ||    10
       Pizza             |       |     1 |       |       ||     1
       Meat ration       |       |       |     3 |     1 ||     4
       Bread ration      |       |       |       |     2 ||     2
Armor: Robe              |     6 |     2 |    37 |    79 ||   124
Dodge: Dodged            |    48 |    36 |   119 |   436 ||   639
